 Dungeon Crawl Stone Soup version 0.25-a0-185-g6cfeca7 (webtiles) character file.

Game seed: 16263338308628719181, levelgen mode: deterministic

1653 DrEnzyme the Covered (level 9, -4/71 HPs)
             Began as a Formicid Wanderer on Nov 26, 2019.
             Slain by a wight
             ... wielding a cursed +6 hand axe
              (5 damage)
             ... on level 6 of the Dungeon on Nov 27, 2019.
             The game lasted 00:26:07 (7899 turns).

DrEnzyme the Covered (Formicid Wanderer)            Turns: 7899, Time: 00:26:08

Health: -4/71      AC: 12    Str: 18    XL:     9   Next: 19%
Magic:  9/9        EV: 10    Int: 14    God:
Gold:   267        SH:  0    Dex: 10    Spells: 8/8 levels left

rFire    . . .     SeeInvis +   a - +1 flail (crush)
rCold    + . .     Gourm    .   (no shield)
rNeg     . . .     Faith    .   c - +2 scale mail
rPois    +         Spirit   .   (helmet unavailable)
rElec    .         Reflect  .   l - +1 cloak
rCorr    .         Harm     .   (no gloves)
MR       .....                  (no boots)
Stlth    ..........             (no amulet)
HPRegen  0.21/turn              u - ring of protection from cold
MPRegen  0.11/turn              m - ring of poison resistance

@: lightly drained
A: permanent stasis, dig shafts and tunnels, four strong arms, antennae 3
a: Dig, Shaft Self


You were on level 6 of the Dungeon.
You were not hungry.

You visited 1 branch of the dungeon, and saw 7 of its levels.

You collected 267 gold pieces.

Inventory:

Hand Weapons
 a - a +1 flail of crushing (weapon)
 b - a +0 shortbow
 h - a +3 scythe of venom
 j - a +4 dagger
 r - a +3 hand axe
Missiles
 d - 180 arrows
Armour
 c - a +2 scale mail (worn)
 l - a +1 cloak (worn)
Jewellery
 m - a ring of poison resistance (right hand)
 t - a +3 ring of intelligence
 u - a ring of protection from cold (left hand)
Wands
 p - a wand of random effects (14)
Scrolls
 n - a scroll of amnesia
 o - 3 scrolls of remove curse
 q - a scroll of immolation
Potions
 e - a potion of magic
 g - 3 potions of brilliance
 i - a potion of resistance {unknown}
Comestibles
 f - 5 rations


   Skills:
 * Level 6.7(6.4) Fighting
 * Level 6.8(6.5) Maces & Flails
 + Level 1.6(1.4) Bows
 + Level 1.0(0.7) Throwing
 * Level 7.5(7.2) Armour
 + Level 2.7(2.4) Dodging
 + Level 1.6(1.4) Stealth
 + Level 0.2(0.0) Evocations


You had 8 spell levels left.
You didn't know any spells.
Your spell library was empty.

Dungeon Overview and Level Annotations

Branches:
Dungeon (8/15)
 Temple: D:4-7         Lair: D:8-11

Altars:
Elyvilon
Nemelex Xobeh
Uskayaw
Yredelemnul

Annotations:
D:3 2 runed translucent doors, exclusion: door, hbr223's ghost, amateur TrSk
D:4 3 runed translucent doors, Duelies's ghost, amateur GnVM


Innate Abilities, Weirdness & Mutations

You cannot be hasted, slowed, berserked, paralysed or teleported.
You can dig through walls and to a lower floor.
Your four strong arms can wield two-handed weapons with a shield.
You have a pair of large antennae on your head. (SInv)


Message History

Things that are here:
a +0 leather armour; a +0 dagger You climb upwards.
There is a stone staircase leading down here.
A wight comes into view. It is wielding a +6 hand axe.
The wight throws a stone.
The stone closely misses you.
The stone hits the hippogriff but does no damage.
The wight throws a stone.
The stone hits you.
* * * LOW HITPOINT WARNING * * *
You see here a stone.
The wight throws a stone.
The stone hits you.
* * * LOW HITPOINT WARNING * * *
You see here a stone.
The wight hits you with a cursed +6 hand axe.
* * * LOW HITPOINT WARNING * * *
You feel drained.
* * * LOW HITPOINT WARNING * * *
Unknown command.
The wight hits you with a cursed +6 hand axe.
You die...

...(.......## ........?.#
#...##......#####.........##
#...#........#..............
#....#.........#...........#
.....#....#....####.........
..h..#...##.#####...........
.....#.......# #..#........#
#...........###.###.......#
#.#...........z@.####.##...
###).......#H....##.# ..
#.......(.(#.....### .
##....(..#####..## ##.)...##
#### #..>...# #........#
#.........# ##.##.#.###


You could see a hippogriff and a wight.

Vanquished Creatures
  Sigmund (D:3)
  An ice beast (D:4)
  A phantom (D:4)
  An ogre (D:7)
  3 centaurs (D:7)
  A big kobold (D:7)
  2 bullfrogs
  A scorpion (D:4)
  2 wights (D:7)
  2 howler monkeys
  A crimson imp (D:7)
  A centaur zombie (D:6)
  2 jellies
  A hound (D:3)
  2 bullfrog skeletons
  An orc priest (D:4)
  3 orc wizards (D:7)
  3 worker ants
  6 adders
  An adder zombie (D:6)
  An adder skeleton (D:6)
  A worm (D:3)
  3 dart slugs
  6 leopard geckos
  22 orcs
  10 bats
  7 giant cockroaches
  10 goblins
  5 hobgoblins
  12 jackals
  3 ball pythons
  A ball python zombie (D:6)
  3 frilled lizards
  10 kobolds
  5 rats
135 creatures vanquished.

Notes
Turn   | Place    | Note
-------+----------+-------------------------------------------
     0 | D:1      | DrEnzyme the Formicid Wanderer began the quest for the Orb.
     0 | D:1      | DrEnzyme set off with the following items: a +0 mace, a +2
                  | scale mail, a +0 shortbow, 24 arrows, a ration
     0 | D:1      | Reached XP level 1. HP: 20/20 MP: 1/1
   139 | D:1      | Reached XP level 2. HP: 26/26 MP: 2/2
   908 | D:2      | Reached XP level 3. HP: 28/32 MP: 3/3
   913 | D:2      | Reached skill level 1 in Maces & Flails
  1232 | D:2      | Reached skill level 5 in Fighting
  1256 | D:2      | Noticed a +0 dagger
  1257 | D:2      | Noticed a +0 hand axe
  1512 | D:2      | Found a hide-covered altar of Uskayaw.
  1542 | D:2      | Reached XP level 4. HP: 39/39 MP: 4/4
  1901 | D:3      | Found a runed translucent door.
  1902 | D:3      | Noticed hbr223's ghost (amateur TrSk)
  2191 | D:3      | Found a sparkling altar of Nemelex Xobeh.
  2744 | D:3      | Reached skill level 4 in Armour
  2744 | D:3      | Reached XP level 5. HP: 30/44 MP: 5/5
  3055 | D:3      | Reached skill level 1 in Dodging
  3100 | D:3      | Found a runed translucent door.
  3442 | D:4      | Noticed an ice beast
  3525 | D:4      | Noticed Sigmund
  3525 | D:4      | Noticed a phantom
  3543 | D:4      | Noticed an ogre
  3548 | D:3      | Killed Sigmund
  3548 | D:3      | Reached skill level 5 in Armour
  3548 | D:3      | Reached XP level 6. HP: 31/51 MP: 6/6
  3959 | D:3      | Reached XP level 7. HP: 37/56 MP: 7/7
  4062 | D:3      | Upgraded the game from 0.25-a0-184-gcd15a05 to
                  | 0.25-a0-185-g6cfeca7
  4660 | D:4      | Found a runed translucent gate.
  4660 | D:4      | Found a runed translucent gate.
  4660 | D:4      | Found a runed translucent gate.
  4665 | D:4      | Noticed Duelies's ghost (amateur GnVM)
  5323 | D:4      | You fall into a shaft and drop 3 floors!
  5442 | D:7      | Reached skill level 6 in Armour
  5442 | D:7      | Reached XP level 8. HP: 50/64 MP: 8/8
  5508 | D:7      | Reached skill level 5 in Maces & Flails
  5782 | D:7      | Found a basalt altar of Yredelemnul.
  5977 | D:7      | Found a white marble altar of Elyvilon.
  6886 | D:6      | Noticed a hippogriff
  6909 | D:7      | Reached skill level 7 in Armour
  7192 | D:7      | Reached XP level 9. HP: 51/71 MP: 9/9
  7596 | D:8      | Noticed a green ugly thing
  7644 | D:8      | Noticed a two-headed ogre
  7898 | D:6      | HP: 2/71 [wight/cursed +6 hand axe (3)]
  7899 | D:6      | Slain by a wight

Levels and vault maps discovered:
D:1:      onia_arrival_pentagram, layout_basic, minmay_pentomino_w2
D:2:      layout_basic, dancing_weapons_uskayaw
D:3:      layout_loops_corners, marbit_many_paths, ebering_ghost_sewer_f
D:4:      layout_basic, lemuel_round_altar, minmay_temple_entry_junction,
          portal_sewer_entry_b, first_ration, ebering_ghost_rock_garden,
          sigmund_army, uniq_sigmund
D:6:      layout_cave_pools, serial_rivers, chequers_serial_rivers_micro_c,
          chequers_serial_rivers_large_b, chequers_serial_rivers_micro_b,
          chequers_serial_rivers_small_b, chequers_serial_rivers_micro_c,
          chequers_serial_rivers_micro_e
D:7:      layout_cave_pools, elyvilon_altar_3, basic_altar
D:8:      cheibrodos_statue_roulette, layout_cave_pools,
          chequers_serial_rivers_small_a

Skill      XL: |  1  2  3  4  5  6  7  8 |
---------------+-------------------------+-----
Maces & Flails | 1 2 3 4 6 |  6.8
Fighting       | 5 6 |  6.7
Armour         | 4 5 6 7 |  7.5
Dodging        | 1 2 |  2.7
Bows           | |  1.6
Throwing       | |  1.0
Stealth        | |  1.6
Evocations     | |  0.2

Action                   |  1- 3 |  4- 6 |  7- 9 || total
-------------------------+-------+-------+-------++-------
Melee: Mace              |    86 |   211 |    64 ||   361
       Flail             |       |       |   277 ||   277
 Fire: Shortbow          |    17 |     7 |     6 ||    30
 Abil: Dig               |       |     1 |     2 ||     3
Evoke: Wand              |       |       |     5 ||     5
  Use: Potion            |       |     5 |     5 ||    10
       Scroll            |       |     7 |     6 ||    13
  Eat: Chunk             |     2 |     8 |    10 ||    20
       Ration            |       |       |     1 ||     1
Armor: Scale mail        |    54 |   125 |   222 ||   401
Dodge: Dodged            |    46 |   142 |   245 ||   433

Table legend:
 A = Non-vault XP
 B = Vault XP
 C = Vault XP percentage of total XP
 D = Non-vault monster count
 E = Vault monster count
 F = Vault count percentage of total count
                 A         B        C        D         E       F
            +---------+---------+-------+---------+---------+-------
      Total |    2147 |     215 |   9.1 |     132 |       3 |   2.2
            +---------+---------+-------+---------+---------+-------
        D:1 |      19 |       2 |   9.5 |      11 |       1 |   8.3
        D:2 |      60 |       0 |   0.0 |      29 |       0 |   0.0
        D:3 |     176 |     213 |  54.8 |      33 |       2 |   5.7
        D:4 |     480 |       0 |   0.0 |      15 |       0 |   0.0
        D:6 |     214 |       0 |   0.0 |      10 |       0 |   0.0
        D:7 |    1153 |       0 |   0.0 |      33 |       0 |   0.0
        D:8 |      45 |       0 |   0.0 |       1 |       0 |   0.0
            +---------+---------+-------+---------+---------+-------
